 Adventure DCSS version bcrawl-1.35.1 (webtiles) character file.

Game seed: 15144783589831188399

358076 Arum the Fighter (level 9, 0/109 HPs)
             Began as an Ent Fighter on Jan 16, 2022.
             Was an Initiate of Cheibriados.
             Slain by a water moccasin (4 damage)
             ... on level 7 of the Dungeon.
             The game lasted 00:08:59 (5459 turns).

Arum the Fighter (Ent Fighter)                      Turns: 5459, Time: 00:08:59

Health: 0/109      AC: 18    Str: 31      XL:     9   Next: 71%
Magic:  8/9        EV: 14    Int: 15      God:    Cheibriados [......]
Gold:   429        SH: 16    Dex: 14 (15) Spells: 8/8 levels left
                                        Lives:  0   Deaths: 2

rFire    . . .     SeeInvis .   a - +0 quarterstaff
rCold    + . .     Gourm    .   b - +1 medium shield
rNeg     + + +     Faith    .   (armour unavailable)
rPois    +         Spirit   .   (helmet restricted)
rElec    .         Reflect  +   (no cloak)
rCorr    .                      (gloves unavailable)
MR       .....                  (boots unavailable)
Stlth    ++........             o - +4 amulet of reflection
HPRegen  0.28/turn              w - ring of Poq Soex {rC+ Str+2 Int+6}
MPRegen  0.11/turn              B - +2 ring of protection

@: agile, lethally poisoned (0 -> -1), hasted
A: large, slow actions, passwall, strong branches, negative energy resistance 3,
poison resistance, slow metabolism 1, torment resistance, unbreathing, AC +16
a: Passwall, Bend Time, Renounce Religion


You were on level 7 of the Dungeon.
You worshipped Cheibriados.
Cheibriados was noncommittal.
You were hungry.

You visited 2 branches of the dungeon, and saw 8 of its levels.
You also visited: Ossuary.

You collected 429 gold pieces.

Inventory:

Hand Weapons
 a - a +0 quarterstaff (weapon)
 m - the +8 shortbow "Matos" {freeze, rN+ Str+3 Stlth+, unknown}
   (You found it on level 5 of the Dungeon)

   It causes projectiles fired from it to freeze those they strike, increasing
   damage dealt by approximately one third against foes not resistant or
   susceptible to cold, and potentially slowing cold-blooded foes.
   It affects your strength (+3).
   It protects you from negative energy.
   It makes you more stealthy.
 t - a +3 quarterstaff of chaos
Missiles
 k - 104 steel javelins (quivered)
Armour
 b - a +1 medium shield (worn)
 s - a +0 cloak
 G - a scarf of repulsion
Jewellery
 o - a +4 amulet of reflection (around neck)
 u - an uncursed ring of protection from fire
 w - the ring of Poq Soex (left hand) {rC+ Str+2 Int+6}
   (You found it on level 4 of the Dungeon)

   [ring of protection from cold]

   It affects your strength (+2).
   It affects your intelligence (+6).
   It protects you from cold.
 B - a +2 ring of protection (right hand)
 K - the ring of Rotzoi Heca {rPois rCorr Stlth+}
   (You took it off a centaur on level 6 of the Dungeon)

   [ring of resist corrosion]

   It protects you from poison.
   It provides partial protection from all sources of acid and corrosion.
   It makes you more stealthy.
 M - an uncursed ring of protection from fire
Wands
 v - a wand of polymorph (13)
 y - a wand of acid (11)
 A - a wand of enslavement (8)
 C - a wand of random effects (4)
Scrolls
 f - 7 scrolls of teleportation
 g - 7 scrolls of remove curse
 i - 5 scrolls of identify
 p - a scroll of fear
 x - 4 scrolls of enchant weapon
 z - a scroll of amnesia
 E - a scroll of enchant armour
 I - a scroll of fog
Potions
 c - 3 potions of might
 d - 2 potions of agility
 h - a potion of magic
 j - a potion of haste
 n - a potion of mutation {unknown}
 q - a potion of degeneration {unknown}
 r - a potion of ambrosia {unknown}
 D - 3 potions of flight {unknown}
 F - 2 potions of berserk rage {unknown}
 H - 2 potions of lignification {unknown}
 J - 2 potions of resistance {unknown}
Comestibles
 e - 8 rations {!d}
 L - a chunk of flesh


   Skills:
 + Level 9.7 Fighting
 + Level 8.6 Staves
 - Level 2.6 Dodging
 + Level 7.4 Shields


You had 8 spell levels left.
You didn't know any spells.
Your spell library was empty.

Dungeon Overview and Level Annotations

Branches:
Dungeon (7/12)             Temple (1/1) D:6
   Lair: D:7-9

Altars:
Cheibriados
Gozag
Hepliaklqana
Lugonu
Nemelex Xobeh
Okawaru
Ru
Sif Muna
Trog
Wu Jian
Xom
The Shining One

Shops:
D:6 }


Innate Abilities, Weirdness & Mutations

You move and act slowly.
You can pass through walls and trees.
Your branches can wield two-handed weapons with a shield.
Your thick bark is tough. (AC +16)
You are too large for most types of armour.
You are immune to negative energy. (rN+++)
Your system is resistant to poisons. (rPois)
You have a slow metabolism.
You are immune to unholy pain and torment.
You can survive without breathing.


Message History

You feel clumsy.
The quasit claws you but does no damage. x2
You hit the gnoll.
The gnoll is moderately wounded.
You feel sick. You block the gnoll's attack. You block the quasit's attack.
The quasit closely misses you. The quasit misses you.
You block the gnoll's attack.
You hit the gnoll.
The gnoll is heavily wounded.
You block the quasit's attack.
The quasit claws you but does no damage.
You block the quasit's attack. The gnoll hits you but does no damage.
You sock the gnoll!
You kill the gnoll!
Cheibriados appreciates the change of pace.
You block the quasit's attack. x3
You sock the water moccasin!
The water moccasin is moderately wounded.
The water moccasin bites you.
You die...

#########............##.##...
...........................#
...#####.##................#.
##.####..#...................
##...##.##[..........†)......
.###.##..)...................
.# #.#...##....hgl.........#.
<# #....###....#S5..(.....##
.# ##...# #.#.##@#####.####
.# #....# #.#.##.# .# .#
#.#...##.#.#..# .#
.##..##.....#.#.## .# ###.#
#.##... #. .# #. .# ... .. #.
.. ..... ... ###.


You could see a water moccasin, a hound, a quasit, a gnoll and a leopard gecko.

Vanquished Creatures
  A tengu warrior (D:6)
  A polar bear (shapeshifter) (D:6)
  Grinder (D:5)
  Sigmund (D:5)
  A hungry ghost (D:6)
  Eustachio (D:5)
  A black bear (D:6)
  A phantom (D:6)
  2 centaurs (D:6)
  4 ogres
  2 bullfrogs (D:6)
  2 gnoll sergeants
  2 water moccasin zombies (Ossuary)
  3 scorpions
  6 killer bees (D:7)
  A wight (D:6)
  3 orc priests (D:5)
  A bullfrog zombie (D:5)
  A howler monkey (D:6)
  4 crimson imps
  A bullfrog skeleton (D:4)
  2 jellies (D:6)
  Crazy Yiuf (D:3)
  3 orc wizards
  An iron imp (D:3)
  Ijyb (D:4)
  An iguana (D:6)
  3 worker ants
  A hound skeleton (D:6)
  3 mummies
  2 worker ant zombies
  7 gnolls
  8 adders
  A howler monkey skeleton (D:6)
  4 adder zombies (Ossuary)
  An adder skeleton (D:5)
  3 worms
  4 dart slugs
  2 leopard geckos
  16 orcs
  A giant cockroach (D:3)
  4 gnoll zombies (Ossuary)
  2 goblins
  2 hobgoblins (D:3)
  13 jackals
  2 quokkas
  A ball python (D:2)
  5 bats
  3 frilled lizards
  8 hobgoblin zombies (Ossuary)
  4 kobolds
  3 kobold zombies (Ossuary)
  4 orc zombies (Ossuary)
  4 rats
160 creatures vanquished.

Notes
Turn   | Place    | Note
-------+----------+-------------------------------------------
     0 | D:1      | Arum the Ent Fighter began the quest for the Orb.
     0 | D:1      | Reached XP level 1. HP: 25/25 MP: 1/1
   435 | D:1      | Reached XP level 2. HP: 33/33 MP: 2/2
   576 | D:2      | Reached XP level 3. HP: 25/42 MP: 3/3
   911 | D:2      | Reached skill level 4 in Fighting
   914 | D:2      | Slain by a gnoll
   915 | D:2      | Reached XP level 2. HP: -3/35 MP: 2/2
  1013 | D:2      | Reached XP level 3. HP: 33/42 MP: 3/3
  1113 | D:2      | Found an ornate altar of the Wu Jian Council.
  1594 | D:3      | Reached XP level 4. HP: 53/53 MP: 4/4
  2060 | D:3      | Found a runed door.
  2064 | D:3      | Noticed Crazy Yiuf
  2075 | D:3      | Killed Crazy Yiuf
  2203 | D:4      | Reached XP level 5. HP: 60/60 MP: 5/5
  2223 | D:4      | Reached skill level 5 in Fighting
  2312 | D:4      | Noticed Ijyb
  2325 | D:4      | Killed Ijyb
  2327 | D:4      | Reached XP level 6. HP: 60/71 MP: 6/6
  2339 | D:4      | Got a wavering glass ring
  2340 | D:4      | Identified the ring of Poq Soex {rC+ Str+2 Int+6} (You
                  | found it on level 4 of the Dungeon)
  3072 | D:4      | Reached XP level 7. HP: 79/79 MP: 7/7
  3660 | D:5      | Entered Level 5 of the Dungeon
  3660 | D:5      | Noticed Grinder
  3674 | D:5      | Paralysed by something for 4 turns
  3702 | D:5      | Killed Grinder
  3703 | D:5      | Reached skill level 6 in Fighting
  3703 | D:5      | Reached skill level 5 in Staves
  3786 | D:5      | Found an opulent altar of Gozag.
  3809 | D:5      | Found a bloodstained altar of Trog.
  3836 | D:5      | Noticed Sigmund
  3846 | D:5      | Killed Sigmund
  3891 | D:5      | Reached skill level 5 in Shields
  3931 | D:5      | Paralysed by fainting for 6 turns
  3945 | D:5      | Noticed Eustachio
  3953 | D:5      | Killed Eustachio
  3954 | D:5      | Reached XP level 8. HP: 76/91 MP: 8/8
  3964 | D:5      | Reached skill level 7 in Fighting
  3964 | D:5      | HP: 3/93 [orc priest/divine providence (11)]
  3968 | D:5      | HP: 1/93 [orc priest/divine providence (10)]
  3969 | D:5      | Slain by an orc
  3970 | D:5      | Reached XP level 7. HP: -1/84 MP: 7/7
  4217 | D:5      | Got a fading shortbow
  4359 | D:6      | Found a corrupted altar of Lugonu.
  4374 | D:6      | Found a hazy altar of Hepliaklqana.
  4407 | D:6      | Found a sand-covered staircase.
  4414 | Ossuary  | Entered an ossuary
  4512 | Ossuary  | Reached XP level 8. HP: 91/95 MP: 8/8
  4636 | D:6      | Reached skill level 8 in Fighting
  4664 | D:6      | Noticed a tengu warrior
  4669 | D:6      | Killed a tengu warrior
  4756 | D:6      | Noticed a polar bear
  4761 | D:6      | Reached XP level 9. HP: 92/105 MP: 9/9
  4771 | D:6      | Killed a polar bear
  4772 | D:6      | Reached skill level 9 in Fighting
  4862 | D:6      | Found Oraig's Gadget Boutique.
  5011 | D:6      | Found a staircase to the Ecumenical Temple.
  5022 | Temple   | Entered the Ecumenical Temple
  5028 | Temple   | Became a worshipper of Cheibriados the Contemplative
  5126 | D:6      | Identified the ring of Rotzoi Heca {rPois rCorr Stlth+}
  5183 | D:6      | Found a shimmering altar of Xom.
  5187 | D:6      | Found a sacrificial altar of Ru.
  5455 | D:7      | HP: 4/109 [quasit (2)]
  5459 | D:7      | Slain by a water moccasin

Skill      XL: |  1  2  3  4  5  6  7  8  9 |
---------------+----------------------------+-----
Fighting       | 4 5 6 8 9 |  9.7
Shields        | 3 4 5 6 7 |  7.4
Staves         | 3 4 6 7 8 |  8.6
Dodging        | |  2.6

Action                   |  1- 3 |  4- 6 |  7- 9 || total
-------------------------+-------+-------+-------++-------
Melee: Quarterstaff      |    83 |   128 |   353 ||   564
Invok: Bend Time         |       |       |     2 ||     2
  Use: Scroll            |       |     1 |     8 ||     9
       Potion            |       |       |     7 ||     7
 Stab: Paralysed         |       |     2 |     2 ||     4
       Petrified         |       |       |     3 ||     3
  Eat: Chunk             |     1 |     8 |     7 ||    16
       Ration            |       |       |     3 ||     3
Armor: Skin              |    52 |    70 |   206 ||   328
Dodge: Dodged            |    36 |    32 |   102 ||   170
Block: Medium shield     |    58 |   130 |   352 ||   540
       Reflection        |     1 |     7 |     1 ||     9
